 Dungeon Crawl Stone Soup version 5.6-49-g8abd877 (webtiles) character file.

505 rednecknazgul the Alchemist (level 16, -12/223 HPs) *CASUAL*
             Began as a Red Draconian Transmuter on Dec 6, 2018.
             Was a High Priest of Jiyva.
             Killed by divine providence
             ... invoked by an orc priest
              (15 damage)
             ... on level 2 of the Orcish Mines.
             The game lasted 00:20:53 (15199 turns).

rednecknazgul the Alchemist (DrTm)                 Turns: 15199, Time: 00:20:54

Health: -12/223    AC: 19 (34%)Str: 24  XL:     16   Next: 78%
Magic:  20/20      EV: 13    Int: 19    God:    Jiyva [5*[154]]
Gold:   1940       SH:  0    Dex: 17    Spells: 13/29 levels left

rFire    + + .     SeeInvis .     - Unarmed
rCold    x . .     Faith    .   (shield currently unavailable)
rNeg     . . .     Spirit   .   (armour unavailable)
rPois    +         Reflect  .   (helmet currently unavailable)
rElec    .                      (cloak currently unavailable)
rCorr    +                      (gloves currently unavailable)
MR       ++...                  (boots currently unavailable)
Stlth    ++........             (no amulet)
Regen    0.5/turn               f - +3 ring of evasion
MPRegen  0.3/turn               z - ring of protection from magic

@: dragon-form, flying, drained
A: breathe fire, unfitting armour, agile, sense surroundings, AC +9
a: Breathe Fire, End Transformation, Slimify, Cure Bad Mutation, Renounce
Religion


You were on level 2 of the Orcish Mines.
You worshipped Jiyva.
Jiyva was extremely pleased with you.
You were not hungry.
You were a fearsome dragon!
You visited 3 branches of the dungeon, and saw 18 of its levels.
You visited the bazaar 3 times.
You also visited: Sewer and Bailey.

You collected 1940 gold pieces.

Inventory:

Armour
 i - a +0 pair of gloves (melded)
 l - a +2 cloak of magic resistance (melded)
Jewellery
 f - a +3 ring of evasion (left foreclaw)
 z - a ring of protection from magic (right foreclaw)
 A - a +3 ring of evasion
Wands
 m - a wand of acid (5)
 u - a wand of iceblast (17)
 v - a wand of lightning (3)
 B - a wand of confusion (5)
 E - a wand of slimification (10)
Scrolls
 a - 5 scrolls of fear
 g - 7 scrolls of teleportation
 h - 4 scrolls of enchant weapon
 p - 4 scrolls of amnesia
 r - 4 scrolls of fog
 s - 2 scrolls of enchant armour
 t - 2 scrolls of acquirement
 w - a scroll of brand weapon
 x - a scroll of summoning
 y - 2 scrolls of blinking
 C - a scroll of magic mapping
Potions
 b - 4 potions of lignification
 c - 6 potions of mutation
 d - a potion of heal wounds
 e - 3 potions of flight
 j - a potion of invisibility
 k - a potion of resistance
 n - 7 potions of cancellation
 o - a potion of magic
 q - 4 potions of ambrosia


   Skills:
 + Level 15.2(14.7) Fighting
 - Level 7.6(7.1) Dodging
 * Level 14.7(14.2) Unarmed Combat
 + Level 6.9(6.4) Charms
 + Level 19.2(18.7) Transmutations


You had 13 spell levels left.
You knew the following spells:

 Your Spells              Type           Power        Failure   Level  Hunger
a - Beastly Appendage     Tmut           50 (50)      0%          1    N/A
b - Spider Form           Tmut           64 (200)     1%          3    N/A
c - Blade Hands           Tmut           64 (200)     1%          5    N/A
d - Dragon Form           Tmut           64 (200)     7%          7    N/A

Your spell library contained the following spells:

 Spells                   Type           Power        Failure   Level  Hunger
 Apportation              Tloc           0 (1000)     21%         1    N/A
 Invisibility             Hex            0 (200)      100%        7    N/A
 Summon Small Mammal      Summ           0 (25)       21%         1    N/A
 Animate Dead             Necr           0 (200)      90%         4    N/A
 Control Undead           Necr           0 (200)      90%         4    N/A
 Summon Ice Beast         Ice/Summ       0 (100)      90%         4    N/A
 Call Imp                 Summ           0 (100)      30%         2    N/A
 Tukima's Dance           Hex            0 (100)      52%         3    N/A
 Recall                   Summ/Tloc      N/A          52%         3    N/A
 Statue Form              Tmut/Erth      36 (150)     52%         6    N/A
 Ice Form                 Ice/Tmut       36 (100)     4%          4    N/A
 Death Channel            Necr           0 (200)      100%        6    N/A
 Confusing Touch          Hex            0 (50)       21%         1    N/A
 Passwall                 Tmut/Erth      36 (200)     1%          2    N/A
 Call Canine Familiar     Summ           0 (100)      52%         3    N/A
 Summon Butterflies       Summ           0 (100)      21%         1    N/A
 Shatter                  Erth           0 (200)      100%        9    N/A
 Static Discharge         Air            0 (100)      52%         3    N/A
 Alistair's Intoxication  Tmut           64 (100)     1%          5    N/A
 Tornado                  Air            0 (200)      100%        9    N/A
 Fulminant Prism          Air            0 (200)      99%         5    N/A
 Infusion                 Chrm           25 (25)      1%          1    N/A
 Summon Lightning Spire   Summ/Air       0 (100)      90%         4    N/A
 Summon Guardian Golem    Hex/Summ       0 (100)      52%         3    N/A
 Hydra Form               Tmut           64 (200)     1%          6    N/A
 Irradiate                Tmut           64 (200)     1%          5    N/A
 Cigotuvi's Embrace       Necr           0 (200)      100%        6    N/A
 Lesser Beckoning         Tloc           0 (100)      52%         3    N/A
 Ignition                 Fire           0 (200)      100%        8    N/A

Dungeon Overview and Level Annotations

Branches:
Dungeon (15/15)             Snake (0/3) Orc:2         Slime (0/3) Orc:2
    Orc (2/2) D:15         Vaults (0/3) D:15         Depths (0/3) D:15
 Bazaar (1/1)
  Swamp: Orc:2       Shoals: Orc:2

Altars:
Cheibriados
Dithmenos
Elyvilon
Gozag
Jiyva
Kikubaaqudgha
Lugonu
Makhleb
Nemelex Xobeh
Okawaru
Qazlal
Ru
Sif Muna
Trog
Uskayaw
Vehumet
Wu Jian
Xom
Yredelemnul
Zin
The Shining One

Shops:
Bazaar [}[!!}


Innate Abilities, Weirdness & Mutations

You can breathe blasts of fire.
Your fiery red scales are hard. (AC +9)
Your body does not fit into most forms of armour.
((Your flesh is heat resistant. (rF+)))
((You are cold-blooded and may be slowed by cold attacks.))
((Your tail ends in a sharp poisonous barb.))
You are agile. (Dex +5)
You passively map the area around you.
((Your magic regeneration increases when no monsters are visible.))


Message History

You kill the sixfirhy!
The orc sorcerer howls an incantation.
The orc sorcerer glows brightly for a moment.
The orc sorcerer casts a spell.
The orc sorcerer points at you and mumbles some strange words.
The bolt of negative energy hits the chaos spawn (0).
The chaos spawn completely resists.
The bolt of negative energy hits you!
You feel drained.
That hurt (20)!
* * * LOW HITPOINT WARNING * * *
The orc high priest prays to Beogh.
You hit the chaos spawn but do no damage.
You tail-slap the chaos spawn (10)! You claw the chaos spawn (15)!
Your bite misses the chaos spawn.
The chaos spawn is almost dead.
You maul the chaos spawn (57)!!!
You kill the chaos spawn!
The chaos spawn degenerates into a cloud of primal chaos!
The orc priest invokes the aid of Beogh against you.
Beogh smites you (15)!
You die...

........#oo#..# , * ,
......$.#.)#oooo# , , ,
..........o#oooo.# , , ,
...##...#..#..ooo.. ,
....##..#o.#..o...#* ,
#...#......##......,, , ,
........#...##.....,, ,,,
#..........3o############**
............oo.oD........ ,
#............############ *
#.........#..#.##
................##
.................#
.................##
........##....#...# * *
.........#...#.#..### **
.........#..#.......### , ,


You could see an orc high priest, a smoke demon (wandering), an orc sorcerer and
2 orc priests.

Vanquished Creatures
  Frances (D:14)
  Kirke (D:12)
  An orc warlord (Orc:2)
  A dire elephant (D:15)
  Josephine (D:11)
  A yaktaur captain (D:15)
  An ogre mage (D:14)
  2 hydras
  A vault guard (D:15)
  A centaur warrior (D:14)
  2 tengu warriors (D:15)
  6 two-headed ogres
  5 orc high priests
  10 death yaks
  3 skeletal warriors (D:13)
  An unseen horror (D:15)
  A sixfirhy (D:9)
  2 wizards
  An obsidian statue (D:9)
  2 orc knights
  A wolf spider zombie (D:14)
  A deep elf mage (D:13)
  2 orc sorcerers (Orc:1)
  20 ugly things
  4 cyclopes
  2 manticores
  A salamander (D:15)
  3 black mambas
  4 gargoyles
  A torpor snail (D:11)
  2 spiny frogs
  2 efreet
  A rime drake (D:12)
  2 freezing wraiths (D:14)
  9 trolls
  A harpy zombie (D:14)
  2 tengu conjurers
  3 meliai (D:13)
  9 slime creatures
  A meliai zombie (D:11)
  Sigmund (D:5)
  A centaur simulacrum (D:15)
  A black mamba zombie (D:8)
  8 wyverns
  14 yaks
  6 wraiths
  A black mamba skeleton (D:12)
  2 angry ghosts
  2 steam dragons
  Grum (D:11)
  2 hogs (D:12)
  2 nagas (Orc:2)
  5 wargs
  A spiny frog zombie (D:7)
  2 acid dragons
  3 water moccasins
  30 orc warriors
  A phantom (D:7)
  2 ice beasts
  3 black bears
  15 ogres
  3 wolves (D:11)
  2 blink frog skeletons
  20 centaurs
  A big kobold (Sewer)
  A rime drake skeleton (D:7)
  A gnoll sergeant (D:5)
  A wyvern skeleton (D:9)
  A scorpion (D:4)
  18 killer bees
  13 crimson imps
  7 wights
  2 howler monkeys
  2 electric eels (D:9)
  6 centaur zombies
  A quasit (D:9)
  A bullfrog skeleton (D:7)
  2 hounds
  A gnoll shaman (D:4)
  21 orc priests
  3 iron imps (D:4)
  4 jellies
  3 centaur skeletons
  27 orc wizards
  2 worker ants
  4 iguanas
  A hound skeleton (D:4)
  A mummy (D:5)
  12 gnolls
  10 adders
  A shadow imp (D:7)
  A white imp (D:7)
  3 oozes
  86 orcs
  12 quokkas
  2 ball pythons
  4 bats
  9 giant cockroaches
  A goblin (D:2)
  7 hobgoblins
  6 jackals
  7 kobolds
  5 frilled lizards
  A hobgoblin zombie (D:5)
  A kobold zombie (D:5)
  2 orc zombies (D:5)
  11 rats
  A bush (D:4)
549 creatures vanquished.

Vanquished Creatures (others)
  A human (D:12)
  A quokka (D:6)
2 creatures vanquished.

Grand Total: 551 creatures vanquished

Notes
Turn   | Place    | Note
-------+----------+-------------------------------------------
     0 | D:1      | rednecknazgul the Draconian Transmuter began the quest for the Orb.
     0 | D:1      | Reached XP level 1. HP: 16/16 MP: 2/2
   128 | D:1      | Reached XP level 2. HP: 16/23 MP: 3/3
   538 | D:1      | Reached XP level 3. HP: 25/29 MP: 5/5
   546 | D:1      | Learned a level 3 spell: Spider Form
   894 | D:2      | Found a deep blue altar of Sif Muna.
   906 | D:2      | Found a radiant altar of Vehumet.
   916 | D:2      | Found a hide-covered altar of Uskayaw.
   918 | D:2      | Noticed a dagger
   918 | D:2      | Noticed a dagger
   928 | D:2      | Reached XP level 4. HP: 32/36 MP: 3/3
   975 | D:2      | Reached skill level 4 in Transmutations
  1154 | D:2      | Found a glowing silver altar of Zin.
  1308 | D:3      | Reached XP level 5. HP: 42/42 MP: 8/8
  1339 | D:3      | Found an opulent altar of Gozag.
  1374 | D:3      | Reached XP level 6. HP: 24/50 MP: 10/10
  1376 | D:3      | Learned a level 5 spell: Blade Hands
  1528 | D:3      | Found a faded altar of an unknown god.
  1729 | D:3      | Reached skill level 5 in Transmutations
  1932 | D:4      | Your scales start taking on a fiery red colour.
  1932 | D:4      | Reached XP level 7. HP: 57/57 MP: 8/8
  1932 | D:4      | Gained mutation: Your flesh is heat resistant. (rF+) [Red Draconian growth]
  2172 | D:4      | Found an iron altar of Okawaru.
  2208 | D:4      | Reached skill level 6 in Transmutations
  2257 | D:4      | Found a stormy altar of Qazlal.
  2261 | D:4      | Found a bloodstained altar of Trog.
  2307 | D:4      | Found a corrupted altar of Lugonu.
  2371 | D:4      | Found a sacrificial altar of Ru.
  2434 | D:4      | Reached skill level 5 in Unarmed Combat
  2444 | D:4      | Found a burning altar of Makhleb.
  2469 | D:4      | Reached XP level 8. HP: 63/67 MP: 10/10
  2732 | D:4      | Found an ornate altar of the Wu Jian Council.
  2763 | D:4      | Reached skill level 7 in Transmutations
  2956 | D:5      | Entered Level 5 of the Dungeon
  3212 | D:5      | Reached skill level 5 in Fighting
  3266 | D:5      | Found an ancient bone altar of Kikubaaqudgha.
  3302 | D:5      | Found a basalt altar of Yredelemnul.
  3535 | D:5      | Noticed Sigmund
  3551 | D:5      | Killed Sigmund
  3551 | D:5      | Reached skill level 5 in Dodging
  3551 | D:5      | Reached skill level 8 in Transmutations
  3551 | D:5      | Reached XP level 9. HP: 65/75 MP: 12/12
  3672 | D:6      | Found a glowing drain.
  3719 | Sewer    | Entered a sewer
  3809 | Sewer    | Found a white marble altar of Elyvilon.
  3904 | D:6      | Found a white marble altar of Elyvilon.
  3997 | D:6      | Reached skill level 9 in Transmutations
  4086 | D:6      | Learned a level 7 spell: Dragon Form
  4129 | D:6      | Found a shimmering altar of Xom.
  4139 | D:6      | Found a shimmering altar of Xom.
  4139 | D:6      | Found a shimmering altar of Xom.
  4140 | D:6      | Found a shimmering altar of Xom.
  4140 | D:6      | Found a shimmering altar of Xom.
  4142 | D:6      | Found a shimmering altar of Xom.
  4142 | D:6      | Found a shimmering altar of Xom.
  4144 | D:6      | Found a shimmering altar of Xom.
  4179 | D:6      | Reached XP level 10. HP: 66/86 MP: 10/10
  4358 | D:7      | Found a shadowy altar of Dithmenos.
  4406 | D:7      | Reached skill level 10 in Transmutations
  4682 | D:7      | Found a glowing golden altar of the Shining One.
  4752 | D:7      | Found a snail-covered altar of Cheibriados.
  4758 | D:7      | Found a viscous altar of Jiyva.
  4762 | D:7      | Became a worshipper of Jiyva Jekhlomp the Shapeless
  4897 | D:7      | Found a sparkling altar of Nemelex Xobeh.
  5136 | D:8      | Reached skill level 11 in Transmutations
  5138 | D:8      | Reached XP level 11. HP: 51/95 MP: 13/13
  5450 | D:8      | Reached * piety under Jiyva
  5933 | D:8      | Gained mutation: You are covered in slimy tendrils that may disarm your opponents. [Jiyva's grace]
  6039 | D:9      | Reached skill level 12 in Transmutations
  6103 | D:9      | Noticed an obsidian statue
  6370 | D:9      | Killed an obsidian statue
  6494 | D:9      | Noticed a sixfirhy
  6495 | D:9      | Found a runed door.
  6512 | D:9      | Killed a sixfirhy
  6880 | D:9      | Reached XP level 12. HP: 100/106 MP: 13/13
  6949 | D:9      | Reached ** piety under Jiyva
  7335 | D:10     | Entered Level 10 of the Dungeon
  7356 | D:10     | Noticed a death yak
  7357 | D:10     | Noticed a death yak
  7358 | D:10     | Noticed a death yak
  7359 | D:10     | Noticed a death yak
  7361 | D:10     | Noticed a death yak
  7377 | D:10     | Killed a death yak
  7377 | D:10     | Reached skill level 10 in Fighting
  7377 | D:10     | Reached skill level 13 in Transmutations
  7386 | D:10     | Killed a death yak
  7386 | D:10     | Reached skill level 10 in Unarmed Combat
  7388 | D:10     | Killed a death yak
  7392 | D:10     | Killed a death yak
  7394 | D:10     | Killed a death yak
  7411 | D:10     | Lost mutation: You are covered in slimy tendrils that may disarm your opponents. [Jiyva's grace]
  7415 | D:10     | Found a flagged portal.
  7424 | Bailey   | Entered a bailey
  7838 | Bailey   | Reached skill level 14 in Transmutations
  8573 | D:10     | Found a glowing silver altar of Zin.
  8691 | D:10     | Reached XP level 13. HP: 102/116 MP: 17/17
  8776 | D:10     | Reached *** piety under Jiyva
  9109 | D:10     | Gained mutation: You are agile. (Dex +5) [Jiyva's grace]
  9442 | D:11     | Noticed Grum
  9457 | D:11     | Killed Grum
  9625 | D:11     | Noticed Josephine
  9634 | D:11     | Killed Josephine
  9634 | D:11     | Reached skill level 15 in Transmutations
 10059 | D:11     | Reached skill level 16 in Transmutations
 10378 | D:11     | Found a gateway to a bazaar.
 10393 | D:11     | Reached XP level 14. HP: 127/127 MP: 10/10
 10579 | Bazaar   | Entered a bazaar
 10585 | Bazaar   | Found Gykkoove's Gadget Emporium.
 10605 | Bazaar   | Found Irie's Gadget Boutique.
 10622 | Bazaar   | Found Wyuhif's Antique Armour Shoppe.
 10639 | Bazaar   | Found Voimitt's Antique Armour Boutique.
 10748 | D:12     | Reached **** piety under Jiyva
 10825 | D:12     | Noticed Kirke
 10832 | D:12     | Killed Kirke
 11010 | D:12     | Gained mutation: You passively map the area around you. [Jiyva's grace]
 11374 | D:13     | Reached skill level 17 in Transmutations
 11628 | D:13     | Reached skill level 1 in Charms
 11795 | D:13     | Reached ***** piety under Jiyva
 11950 | D:14     | Noticed Frances
 11956 | D:14     | Killed Frances
 11956 | D:14     | Reached XP level 15. HP: 137/137 MP: 16/16
 12084 | D:14     | Paralysed by a wizard for 2 turns
 12464 | D:15     | Entered Level 15 of the Dungeon
 12531 | D:15     | Reached skill level 18 in Transmutations
 12612 | D:15     | Found a staircase to the Depths.
 12659 | D:15     | Found a staircase to the Orcish Mines.
 12811 | D:15     | Reached skill level 5 in Charms
 12835 | D:15     | Gained mutation: Your tail ends in a sharp poisonous barb. [Jiyva's grace]
 12904 | D:15     | Reached XP level 16. HP: 147/147 MP: 20/20
 12921 | D:15     | Found a gate to the Vaults.
 13014 | D:15     | Found a gateway to a bazaar.
 13596 | Orc:1    | Entered Level 1 of the Orcish Mines
 13596 | Orc:1    | Found a shimmering altar of Xom.
 13621 | Orc:1    | Reached skill level 19 in Transmutations
 13629 | Orc:1    | Reached skill level 15 in Fighting
 14187 | Orc:1    | Found a gateway to a bazaar.
 14214 | Orc:1    | Gained mutation: Your magic regeneration increases when no monsters are visible. [Jiyva's grace]
 14347 | Orc:2    | Entered Level 2 of the Orcish Mines
 14889 | Orc:2    | Found a staircase to the Snake Pit.
 15085 | Orc:2    | Found a staircase to the Slime Pits.
 15086 | Orc:2    | Found a viscous altar of Jiyva.
 15196 | Orc:2    | HP: 2/223 [orc sorcerer/bolt of negative energy (20)]
 15199 | Orc:2    | Killed from afar by an orc priest

Skill      XL: |  1  2  3  4  5  6  7  8  9 10 11 12 13 14 15 16 |
---------------+-------------------------------------------------+-----
Dodging        | 2 3 4 5 6 7 |  7.6
Fighting       | 2 3 4 5 7 8 9 11 12 13 14 15 | 15.2
Transmutations | 4 5 6 8 9 11 12 14 16 17 18 19 | 19.2
Unarmed Combat | 4 5 6 7 8 9 10 12 13 14 | 14.7
Charms         | 2 5 6 |  6.9

Action                   |  1- 3 |  4- 6 |  7- 9 | 10-12 | 13-15 | 16-18 || total
-------------------------+-------+-------+-------+-------+-------+-------++-------
Melee: Unarmed           |    70 |   130 |   294 |   283 |   383 |   201 ||  1361
       Tailslap          |     4 |     9 |     3 |    24 |    62 |    19 ||   121
       Punch             |     2 |     1 |     1 |     8 |    20 |    15 ||    47
       Bite              |       |       |       |       |    28 |    18 ||    46
 Cast: Spider Form       |     1 |     1 |       |       |       |       ||     2
       Blade Hands       |       |       |     1 |     1 |       |       ||     2
       Dragon Form       |       |       |       |       |     1 |       ||     1
 Abil: End Transformatio |       |     1 |     1 |     1 |       |       ||     3
       Breathe Fire      |       |       |       |    11 |     6 |     3 ||    20
  Use: Scroll            |       |       |       |     2 |       |       ||     2
       Potion            |       |       |       |     2 |     1 |     2 ||     5
 Stab: Sleeping          |     2 |       |     2 |       |     5 |     1 ||    10
       Distracted        |       |       |       |       |     1 |       ||     1
Armor: Skin              |    12 |    20 |    21 |    58 |   118 |    98 ||   327
Dodge: Dodged            |    34 |    94 |   381 |   251 |   229 |   189 ||  1178
